 Dungeon Crawl Stone Soup version 0.24.0-13-gcf9b319 (webtiles) character file.

Game seed: 15185691810927667079, levelgen mode: deterministic

1562 Fang the Skirmisher (level 8, -2/52 HPs)
             Began as a Gargoyle Fighter on Jan 3, 2020.
             Was a Believer of Trog.
             Killed by divine providence
             ... invoked by an orc priest
              (12 damage)
             ... on level 6 of the Dungeon.
             The game lasted 00:05:29 (3967 turns).

Fang the Skirmisher (Gargoyle Fighter)              Turns: 3967, Time: 00:05:30

Health: -2/52      AC: 19    Str: 22    XL:     8   Next: 89%
Magic:  8/8        EV:  6    Int:  9    God:    Trog [**....]
Gold:   303        SH: 16    Dex:  9    Spells: 7/7 levels left

rFire    . . .     SeeInvis .   a - +2 war axe
rCold    . . .     Gourm    .   B - +3 shield {AC+3}
rNeg     + . .     Faith    .   b - +0 chain mail
rPois    ∞         Spirit   .   (no helmet)
rElec    +         Reflect  +   (no cloak)
rCorr    +         Harm     .   (no gloves)
MR       .....                  (no boots)
Stlth    ..........             d - +3 amulet of reflection
HPRegen  0.17/turn              r - ring of resist corrosion
MPRegen  0.11/turn              (no ring)

@: berserk cooldown, slowed, very slow
A: negative energy resistance 1, electricity resistance, unbreathing,
petrification resistance, rot immunity, AC +5
a: Berserk, Trog's Hand, Renounce Religion


You were on level 6 of the Dungeon.
You worshipped Trog.
Trog was pleased with you.
You were hungry.

You visited 1 branch of the dungeon, and saw 6 of its levels.

You collected 303 gold pieces.

Inventory:

Hand Weapons
 a - a +2 war axe (weapon)
Armour
 b - a +0 chain mail (worn)
 B - a +3 shield of protection (worn)
Jewellery
 d - a +3 amulet of reflection (around neck)
 r - a ring of resist corrosion (left hand)
Wands
 p - a wand of flame (19)
Scrolls
 e - 4 scrolls of remove curse
 f - 3 scrolls of teleportation
 m - a scroll of fear
Potions
 g - a potion of magic {unknown}
 h - a potion of haste {unknown}
 i - a potion of flight {unknown}
 l - a potion of berserk rage
 n - 2 potions of curing
 q - a potion of heal wounds
Comestibles
 c - 14 rations
 j - a chunk of flesh


   Skills:
 + Level 6.8 Fighting
 + Level 5.2 Axes
 + Level 6.8 Armour
 + Level 6.7 Shields


You had 7 spell levels left.
You didn't know any spells.
Your spell library contained the following spells:

 Spells                   Type           Power        Failure   Level  Hunger
 Beastly Appendage        Tmut           #.....       100%        1    ##.....
 Sticks to Snakes         Tmut           #.......     100%        2    ###....
 Spider Form              Tmut/Pois      #.........   100%        3    ####...
 Ice Form                 Ice/Tmut       #.......     100%        4    #####..
 Blade Hands              Tmut           #.........   100%        5    ######.


Dungeon Overview and Level Annotations

Branches:
Dungeon (6/15)
 Temple: D:4-7

Altars:
Nemelex Xobeh
Trog
The Shining One

Shops:
D:4 [

Annotations:
D:5 1 runed translucent door


Innate Abilities, Weirdness & Mutations

You are resistant to torment.
Your stone body is resilient. (AC +5)
You are immune to poison.
You resist negative energy. (rN+)
You are resistant to electric shocks. (rElec)
You can survive without breathing.
You are immune to petrification.
You are immune to rotting.


Message History

You hit the scorpion but do no damage.
The scorpion is almost dead.
You hit the orc. The orc closely misses you.
The scorpion stings you but does no damage.
A bullfrog comes into view.
The orc closely misses you. You block the scorpion's attack.
An orc priest comes into view. It is wielding a +0 dagger.
You block the scorpion's attack.
The scorpion stings you but does no damage.
You block the orc's attack.
Found 24 stones.
The orc priest shouts!
The orc hits you but does no damage. You block the scorpion's attack.
You block the orc's attack.
The orc priest casts a cantrip, but nothing happens.
The orc completely misses you. You block the scorpion's attack.
Found 12 poisoned darts.
The orc priest invokes the aid of Beogh against you.
Beogh smites you!
You die...

.....(()).......#
#...........o...#
#.#..............
. #..............
##.............
#....o.........
#...oso........
.##.....o........
.......@.........
##.............#
##(...........
###..........
###........
.........
...(.....
.........


You could see a scorpion, an orc priest and 4 orcs.

Vanquished Creatures
  Grinder (D:3)
  Sigmund (D:2)
  A water moccasin (D:5)
  2 orc warriors
  2 centaurs
  2 scorpions
  A howler monkey (D:5)
  A crimson imp (D:2)
  A hound (D:5)
  2 orc priests
  6 orc wizards
  An iguana (D:4)
  Ijyb (D:3)
  2 worker ants
  A hound zombie (D:5)
  8 adders
  3 oozes (D:1)
  An adder zombie (D:5)
  3 worms
  7 leopard geckos
  15 orcs
  A ball python (D:2)
  7 bats
  5 giant cockroaches
  6 goblins
  3 hobgoblins
  9 jackals
  6 kobolds
  3 quokkas
  10 frilled lizards
  A giant cockroach zombie (D:5)
  A leopard gecko skeleton (D:4)
  A quokka skeleton (D:6)
  7 rats
122 creatures vanquished.

Vanquished Creatures (others)
  An orc (D:5)
1 creature vanquished.

Grand Total: 123 creatures vanquished

Notes
Turn   | Place    | Note
-------+----------+-------------------------------------------
     0 | D:1      | Fang the Gargoyle Fighter began the quest for the Orb.
     0 | D:1      | Reached XP level 1. HP: 14/14 MP: 1/1
   107 | D:1      | Reached XP level 2. HP: 17/19 MP: 2/2
   310 | D:1      | Reached XP level 3. HP: 23/23 MP: 3/3
   950 | D:2      | Reached XP level 4. HP: 20/29 MP: 4/4
  1374 | D:2      | Reached XP level 5. HP: 31/33 MP: 5/5
  1391 | D:2      | Found a faded altar of an unknown god.
  1392 | D:2      | Noticed Sigmund
  1422 | D:2      | Killed Sigmund
  1422 | D:2      | Reached XP level 6. HP: 14/39 MP: 6/6
  1941 | D:3      | Noticed Grinder
  1952 | D:3      | Paralysed by Grinder for 2 turns
  1964 | D:3      | Paralysed by Grinder for 5 turns
  1972 | D:3      | Killed Grinder
  1972 | D:3      | Reached skill level 5 in Fighting
  1972 | D:3      | Reached skill level 5 in Armour
  1972 | D:3      | Reached skill level 5 in Shields
  1972 | D:3      | Reached XP level 7. HP: 30/44 MP: 7/7
  2014 | D:3      | Found a bloodstained altar of Trog.
  2057 | D:3      | Became a worshipper of Trog the Wrathful
  2123 | D:3      | Noticed Ijyb
  2133 | D:3      | Killed Ijyb
  2626 | D:4      | Found Soebousku's Armour Shop.
  2937 | D:5      | Entered Level 5 of the Dungeon
  3019 | D:5      | Found a glowing golden altar of the Shining One.
  3019 | D:5      | Found a runed translucent door.
  3019 | D:5      | Noticed an angel
  3027 | D:5      | Reached * piety under Trog
  3035 | D:5      | Reached XP level 8. HP: 28/51 MP: 8/8
  3263 | D:5      | Found a sparkling altar of Nemelex Xobeh.
  3317 | D:5      | Identified the cursed +1 dagger of the Extremely Mad {vamp,
                  | rN+}
  3916 | D:6      | Reached ** piety under Trog
  3948 | D:6      | Reached skill level 5 in Axes
  3967 | D:6      | Killed from afar by an orc priest

Levels and vault maps discovered:
D:1:      sevenhm_arrival_forest_fort_large_2, layout_basic
D:2:      layout_loops_cross, chequers_ecumenical_altar_simple, uniq_sigmund
D:3:      layout_rooms, old_standard_altar, first_ration, uniq_grinder,
          uniq_ijyb
D:4:      layout_basic, serial_shops, shop, minmay_quantized
D:5:      layout_basic, basic_altar, lemuel_angel_altar
D:6:      layout_rooms, uniq_eustachio

Skill      XL: |  1  2  3  4  5  6  7  8 |
---------------+-------------------------+-----
Axes           | 2 3 4 5 |  5.2
Armour         | 4 5 6 |  6.8
Shields        | 4 5 6 |  6.7
Fighting       | 4 5 6 |  6.8

Action                   |  1- 3 |  4- 6 |  7- 9 || total
-------------------------+-------+-------+-------++-------
Melee: War axe           |   136 |   119 |   218 ||   473
Invok: Berserk           |       |       |     2 ||     2
  Use: Potion            |       |     1 |       ||     1
       Scroll            |       |       |    15 ||    15
  Eat: Chunk             |       |     4 |     8 ||    12
Armor: Scale mail        |    99 |    85 |    74 ||   258
       Chain mail        |       |       |    19 ||    19
Dodge: Dodged            |    70 |    32 |    54 ||   156
Block: Shield            |    79 |    86 |   205 ||   370
       Reflection        |       |       |    10 ||    10
